 Dungeon Crawl Stone Soup version 0.31-a0-344-gd109795599 (webtiles) character file.

Game seed: 18027972548326962604

2111 AdnanSaban the Basher (level 9, -4/55 HPs)
             Began as a Gargoyle Fighter on July 22, 2023.
             Was a Priest of Okawaru.
             Slain by niknal's ghost (14 damage)
             ... on level 7 of the Dungeon.
             The game lasted 00:09:34 (6073 turns).

AdnanSaban the Basher (Gargoyle Fighter)            Turns: 6073, Time: 00:09:34

Health: -4/55      AC: 30    Str: 23    XL:     9   Next: 28%
Magic:  7/9        EV: 13    Int: 10    God:    Okawaru [***...]
Gold:   313        SH:  6    Dex:  9    Spells: 8/8 levels left

rFire   . . .        y - +3 mace (protect)
rCold   . . .        c - +0 buckler
rNeg    + . .        r - +4 ring mail
rPois   ∞            (no helmet)
rElec   +            p - +0 cloak
rCorr   .            (no gloves)
SInv    +            (no boots)
Will    .....        (no amulet)
Stlth   ++           w - ring of see invisible
HPRegen 0.29/turn    t - +4 ring of protection
MPRegen 0.11/turn

%: no passive effects
@: heroic, under a protective aura
A: sickness immunity, AC +6, negative energy resistance 1, electricity
resistance, torment resistance 1, petrification resistance
a: Renounce Religion, Heroism


You were on level 7 of the Dungeon.
You worshipped Okawaru.
Okawaru was most pleased with you.
You visited 2 branches of the dungeon, and saw 8 of its levels.

You collected 313 gold pieces.

Inventory:

Hand Weapons
 y - a +3 mace of protection (weapon)
Missiles
 z - a throwing net (quivered)
 A - 5 poisoned darts
Armour
 c - a +0 buckler (worn)
 p - a +0 cloak (worn)
 r - a +4 ring mail (worn)
Jewellery
 h - a ring of flight
 j - a +6 ring of intelligence
 t - a +4 ring of protection (right hand)
 w - a ring of see invisible (left hand)
Scrolls
 b - a scroll of brand weapon {unknown}
 e - 6 scrolls of identify {unknown}
 i - 3 scrolls of enchant weapon {unknown}
 k - a scroll of enchant armour {unknown}
 l - a scroll of butterflies {unknown}
 m - a scroll of teleportation {unknown}
 q - a scroll of blinking {unknown}
 v - a scroll of amnesia {unknown}
Potions
 a - a potion of lignification {unknown}
 d - a potion of might
 f - 4 potions of heal wounds {unknown}
 g - 4 potions of curing {unknown}
 n - 2 potions of degeneration {unknown}
 o - a potion of haste {unknown}
 s - a potion of magic {unknown}
 u - 2 potions of resistance {unknown}
 x - a potion of cancellation {unknown}


   Skills:
 + Level 6.2(11.2) Fighting
 + Level 8.4(13.4) Maces & Flails
 + Level 5.9(10.9) Armour
 + Level 2.9(7.9) Dodging
 + Level 5.6(10.6) Shields


You had 8 spell levels left.
You didn't know any spells.
Your spell library contained the following spells:

 Spells                   Type           Power      Damage    Failure   Level
 Kiss of Death            Conj/Necr      0%         2d5       52%         1
 Magic Dart               Conj           0%         1d3       52%         1
 Ensorcelled Hibernation  Hex/Ice        0%         N/A       67%         2
 Poisonous Vapours        Pois/Air       0%         N/A       67%         2
 Wereblood                Tmut           0%         N/A       67%         2
 Gell's Gravitas          Tloc           0%         N/A       88%         3
 Mephitic Cloud           Conj/Pois/Air  0%         N/A       88%         3
 Teleport Other           Tloc           0%         N/A       88%         3
 Anguish                  Hex/Necr       0%         N/A       99%         4
 Fulminant Prism          Conj/Hex       0%         3d5       99%         4
 Freezing Cloud           Conj/Ice/Air   0%         6-21      100%        5
 Dispersal                Tloc           0%         N/A       100%        6
 Summon Small Mammal      Summ           Unusable   N/A       N/A         1
 Call Imp                 Summ           Unusable   N/A       N/A         2
 Sublimation of Blood     Necr           Unusable   N/A       N/A         2
 Call Canine Familiar     Summ           Unusable   N/A       N/A         3
 Summon Guardian Golem    Hex/Summ       Unusable   N/A       N/A         3
 Tukima's Dance           Hex            Unusable   N/A       N/A         3
 Summon Mana Viper        Hex/Summ       Unusable   N/A       N/A         5
 Summon Hydra             Summ           Unusable   N/A       N/A         7

Dungeon Overview and Level Annotations

Branches:
Dungeon (7/15)             Temple (1/1) D:4

Altars:
Ashenzari
Cheibriados
Dithmenos
Elyvilon
Fedhas
Gozag
Hepliaklqana
Kikubaaqudgha
Makhleb
Nemelex Xobeh
Okawaru
Qazlal
Ru
Sif Muna
Trog
Uskayaw
Vehumet
Wu Jian
Xom
Yredelemnul
The Shining One

Shops:
D:4 :

Annotations:
D:5 1 runed translucent door, zdzicho121's ghost, amateur GrCj
D:6 Dowan; Duvessa
D:7 niknal's ghost, novice TrWr


Innate Abilities, Weirdness & Mutations

You are immune to sickness and miasma.
Your stone body is resilient. (AC +6)
You are immune to poison.
You resist negative energy. (rN+)
You are resistant to electric shocks. (rElec)
You are resistant to unholy torment.
You are immune to petrification.


Message History

You are too injured to fight recklessly!
You are too injured to fight recklessly!
You are too injured to fight recklessly!
You are too injured to fight recklessly!
You are too injured to fight recklessly!
You are too injured to fight recklessly!
You are too injured to fight recklessly!
You are too injured to fight recklessly!
You are too injured to fight recklessly!
You are too injured to fight recklessly!
You are too injured to fight recklessly!
You are too injured to fight recklessly!
You are too injured to fight recklessly!
You are too injured to fight recklessly!
You are too injured to fight recklessly!
You are too injured to fight recklessly!
You are too injured to fight recklessly!
You gain the combat prowess of a mighty hero.
Niknal's ghost hits you!
* * * LOW HITPOINT WARNING * * *
You hit niknal's ghost.
Your weapon exudes an aura of protection.
Niknal's ghost is moderately damaged.
You block niknal's ghost's attack.
You completely miss niknal's ghost.
Niknal's ghost is moderately damaged.
You block niknal's ghost's attack.
You hit niknal's ghost but do no damage.
Niknal's ghost is moderately damaged.
Niknal's ghost mumbles some strange words.
Niknal's ghost blinks!
Niknal's ghost casts a spell.
Niknal's ghost blinks!
Niknal's ghost mumbles some strange words.
Niknal's ghost blinks!
You sock niknal's ghost!
Your weapon exudes an aura of protection.
Niknal's ghost is moderately damaged.
Niknal's ghost hits you!
You die...

# ##.....# # ##....## # #
##......### ##
#.......... .#
##########.......# .#
###.##..#).##......# .#
###.......'!8#........
.##
##.........#..#........
..#
##.....@W..#####....###.
..#
##..........##........###
..##
#.........§##...........#
...#
##.........#............#
...###
########.#....#.........
.....## ##....#..........
......#
##...###..........
......#
##...###...........
......# ##..###
#...........


You could see niknal's ghost.

Vanquished Creatures
  Joseph (D:7)
  Sigmund (D:4)
  A wyvern (D:7)
  2 water moccasins
  2 black bears
  2 ice beasts
  A sky beast (D:7)
  A centaur (D:6)
  A kobold brigand (D:7)
  3 scorpions
  A hound (D:5)
  3 orc priests
  A gnoll bouda (D:7)
  An iguana (D:5)
  4 orc wizards
  7 gnolls
  5 adders
  3 white imps (D:5)
  2 ufetubi
  2 worms (D:2)
  A dart slug (D:3)
  15 orcs
  6 endoplasms
  3 giant cockroaches
  4 goblins
  9 hobgoblins
  3 jackals (D:1)
  3 quokkas
  4 ball pythons
  6 bats
  4 frilled lizards
  8 kobolds
  8 rats
118 creatures vanquished.

Notes
Turn   | Place    | Note
-------+----------+-------------------------------------------
     0 | D:1      | AdnanSaban the Gargoyle Fighter began the quest for the
                  | Orb.
     0 | D:1      | Reached XP level 1. HP: 14/14 MP: 1/1
   233 | D:1      | Reached XP level 2. HP: 17/19 MP: 2/2
   358 | D:1      | Found a faded altar of an unknown god.
   727 | D:2      | Reached XP level 3. HP: 23/23 MP: 3/3
  1001 | D:2      | Reached XP level 4. HP: 24/29 MP: 4/4
  1677 | D:3      | Reached skill level 3 in Maces & Flails
  1893 | D:3      | Reached XP level 5. HP: 33/33 MP: 5/5
  2100 | D:3      | Got Piqirup's Handbook of Limned Enchantment
  2490 | D:4      | Reached skill level 4 in Maces & Flails
  2490 | D:4      | Reached skill level 1 in Dodging
  2490 | D:4      | Reached XP level 6. HP: 38/38 MP: 6/6
  2748 | D:4      | Found a staircase to the Ecumenical Temple.
  2770 | Temple   | Entered the Ecumenical Temple
  2792 | Temple   | Became a worshipper of Warmaster Okawaru
  2838 | D:4      | Found Jeveg's Book Shoppe.
  3035 | D:4      | Noticed Sigmund
  3067 | D:4      | Killed Sigmund
  3068 | D:4      | Reached XP level 7. HP: 44/44 MP: 7/7
  3491 | D:5      | Entered Level 5 of the Dungeon
  3532 | D:5      | Reached skill level 5 in Maces & Flails
  3692 | D:4      | Reached * piety under Okawaru
  3774 | D:5      | Found a runed translucent door.
  3775 | D:5      | Noticed zdzicho121's ghost (amateur GrCj)
  4024 | D:5      | Noticed a steam dragon
  4024 | D:5      | Noticed a steam dragon
  4270 | D:6      | Reached skill level 5 in Armour
  4327 | D:6      | Reached skill level 5 in Fighting
  4327 | D:6      | Reached skill level 6 in Maces & Flails
  4327 | D:6      | Reached XP level 8. HP: 41/49 MP: 8/8
  4418 | D:6      | Reached ** piety under Okawaru
  4419 | D:6      | Reached skill level 5 in Shields
  4697 | D:6      | Noticed Duvessa
  4697 | D:6      | Noticed Dowan
  4813 | D:7      | Reached skill level 7 in Maces & Flails
  4975 | D:7      | Noticed a wyvern
  4987 | D:7      | Killed a wyvern
  5078 | D:7      | Noticed Joseph
  5136 | D:7      | Killed Joseph
  5136 | D:7      | Reached *** piety under Okawaru
  5137 | D:7      | Reached XP level 9. HP: 21/55 MP: 7/9
  5282 | D:7      | Reached skill level 8 in Maces & Flails
  5691 | D:7      | Found a runed translucent door.
  5693 | D:7      | Noticed niknal's ghost (novice TrWr)
  6073 | D:7      | Slain by niknal's ghost

Illustrated notes

Levels and vault maps discovered:
D:1:      onia_arrival_mini_maze, layout_basic,
          hellmonk_ecumenical_altar_inner_sanctum, minmay_misc_feat_nine_boxes,
          hex_tiny
D:2:      layout_basic
D:3:      layout_basic, hex_intersection
D:4:      layout_layer_cave, minmay_temple_entry_junction_2, serial_shops,
          nicolae_lakefront_shop, uniq_sigmund
D:5:      kennysheep_steamy, layout_gridville, serial_rivers,
          chequers_serial_rivers_micro_a, chequers_serial_rivers_large_a,
          chequers_serial_rivers_micro_b, chequers_serial_rivers_small_3,
          gammafunk_ghost_grave
D:6:      layout_layer_cave, uniq_duvessa
D:7:      layout_cave_pods, serial_column_ruins, column_ruins_circle_medium,
          column_ruins_grid_1, column_ruins_open_tiny, column_ruins_open_medium,
          gammafunk_ghost_grave, uniq_joseph
Temple:   nicolae_temple_bog_church

Skill      XL: |  1  2  3  4  5  6  7  8  9 |
---------------+----------------------------+-----
Armour         | 4 5 |  5.9
Maces & Flails | 3 4 6 7 8 |  8.4
Shields        | 4 5 |  5.6
Fighting       | 4 5 6 |  6.2
Dodging        | 1 2 |  2.9

Action                     |  1- 3 |  4- 6 |  7- 9 || total
---------------------------+-------+-------+-------++-------
  Melee: Flail             |   102 |   200 |    54 ||   356
         Mace              |       |       |   233 ||   233
  Throw: Throwing net      |       |       |     1 ||     1
 Invoke: Heroism           |       |       |     2 ||     2
 Armour: Scale mail        |    96 |    47 |       ||   143
         Ring mail         |       |    86 |   212 ||   298
  Dodge: Dodged            |   101 |    82 |   160 ||   343
  Block: Buckler           |    45 |    32 |    73 ||   150

Table legend: (Time is in decaauts)
 A = Elapsed time spent in this place.
 B = Non-inter-level travel time spent in this place.
 C = Inter-level travel time spent in this place.
 D = Time resting spent in this place.
 E = Time spent auto-exploring this place.
 F = Levels seen in this place.
 G = Mean time per level.
                   A        B        C        D        E       F      G
               +--------+--------+--------+--------+--------+-----+--------+
         Total |   6191 |   5995 |    196 |    277 |   4290 |   8 |  773.9 |
       Dungeon |   6149 |   5992 |    157 |    277 |   4290 |   7 |  878.4 |
        Temple |     41 |      2 |     39 |      0 |      0 |   1 |   41.0 |
               +--------+--------+--------+--------+--------+-----+--------+

Top non-repeatable levels by time:
     D:7: 1360 daAuts
     D:4: 1142 daAuts
     D:3: 980 daAuts
     D:2: 772 daAuts
     D:1: 725 daAuts
     D:6: 653 daAuts
     D:5: 515 daAuts
  Temple: 41 daAuts
